Map: Abyssal Reef LE

Players

Salvite - Winner!

  • Race: Protoss Protoss
  • Spawn Location: 5:00

A.I. 1 (Very Easy)

  • Race: Zerg Zerg
  • Spawn Location: 11:00

VOD

Have the link to the VOD?

Description

Time

  • Played on: June 1, 2017, 10:30 p.m.
  • Length: 6:35
Show
View Real Time Build Order
Export as new Build Order

Salvite Protoss - Winner!

Build Orders:  

Get SALT Encoding   

  12  0:03  Probe (Chrono Boost)  
  13  0:14  Probe (Chrono Boost)  
  14  0:19  Pylon  
  14  0:24  Probe (Chrono Boost)  
  15  0:38  Gateway  
  15  0:41  Probe (Chrono Boost)  
  16  0:46  Assimilator  
  16  0:56  Assimilator  
  16  0:59  Probe (Chrono Boost)  
  17  1:09  Probe (Chrono Boost)  
  18  1:20  Probe (Chrono Boost)  
  19  1:28  Pylon  
  19  1:30  Probe (Chrono Boost)  
  19  1:32  Zealot  
  22  1:41  Probe (Chrono Boost)  
  22  1:44  Pylon  
  23  1:51  Probe (Chrono Boost)  
  24  1:56  Cybernetics Core  
  24  2:02  Zealot  
  24  2:07  Probe (Chrono Boost)  
  27  2:30  Nexus  
  27  2:36  Zealot  
  29  2:53  Pylon  
  29  3:01  Mothership Core (Chrono Boost)  
  29  3:03  Zealot, Warp Gate  
  33  3:21  Gateway  
  33  3:25  Probe (Chrono Boost)  
  34  3:30  Zealot  
  36  3:35  Pylon  
  36  3:40  Pylon  
  36  3:56  Probe (Chrono Boost)  
  37  4:04  Probe (Chrono Boost)  
  38  4:10  Zealot  
  38  4:11  Zealot  
  42  4:27  Probe (Chrono Boost)  
  42  4:28  Probe (Chrono Boost)  
  44  4:34  Pylon  
  44  4:37  Pylon  
  44  4:43  Gateway  
  44  4:47  Gateway  
Show
View Real Time Build Order
Export as new Build Order

A.I. 1 (Very Easy) Zerg 

Build Orders: Pool First 

Get SALT Encoding   

  12  0:01  Drone  
  13  0:12  Overlord  
  13  0:16  Drone  
  14  0:36  Spawning Pool  
  14  0:37  Extractor  
  14  0:40  Drone  
  13  0:47  Drone  
  14  0:53  Overlord  
  14  1:23  Zergling x2  
  14  1:25  Queen  
  17  1:34  Roach Warren  
  17  1:37  Drone  
  17  1:41  Zergling x2, Extractor  
  17  1:46  Drone  
  18  1:59  Drone, Zergling x2  
  20  2:09  Drone  
  21  2:20  Drone  
  22  2:31  Drone  
  22  2:32  Overlord  
  23  2:38  Drone  
  24  2:46  Drone  
  25  5:46  Drone  
  26  5:52  Zergling x2  
  26  5:53  Drone  
  25  6:00  Drone  
  25  6:02  Overlord  
  25  6:07  Drone  
  24  6:13  Hatchery  
  24  6:15  Drone  
  24  6:16  Zergling x2  
  21  6:22  Drone  
Tags
 
Matchup
PvZ
Opening
Pool First
Spawn Locations
Cross Positions
Add a new tag
Caveats
  • Supply blocks, unpowered buildings, or Contaminate may cause inaccurate times.
  • Supply counts are checked every 10 seconds.